 Dungeon Crawl Stone Soup version 0.29.1-1-gd02db6906a (webtiles) character file.

Game seed: 14003494379782284949

9 Icepheonix32 the Firebug (level 2, -1/20 HPs)
             Began as a Draconian Fire Elementalist on Sept 22, 2022.
             Slain by a hobgoblin (3 damage)
             ... on level 1 of the Dungeon.
             The game lasted 00:00:49 (517 turns).

Icepheonix32 the Firebug (DrFE)                      Turns: 517, Time: 00:00:50

Health: -1/20      AC:  5    Str: 10    XL:     2   Next: 3%
Magic:  0/5        EV: 12    Int: 15    God:
Gold:   56         SH:  0    Dex: 11    Spells: 5/6 levels left

rFire   . . .      SeeInvis .   d - +0 falchion
rCold   . . .      Faith    .   (no shield)
rNeg    . . .      Spirit   .   (body armour unavailable)
rPois   .          Reflect  .   (helmet restricted)
rElec   .          Harm     .   (no cloak)
rCorr   .          Rampage  .   (no gloves)
Will    .....                   e - +0 pair of boots
Stlth   ++........              (no amulet)
HPRegen 0.06/turn               (no ring)
MPRegen 0.09/turn               (no ring)

@: no status effects
A: AC +4, unfitting armour, cold-blooded
a: no special abilities


You were on level 1 of the Dungeon.
You visited 1 branch of the dungeon, and saw 2 of its levels.

You collected 56 gold pieces.

Inventory:

Hand Weapons
 d - a +0 falchion (weapon)
Armour
 e - a +0 pair of boots (worn)
Scrolls
 b - 2 scrolls of blinking {unknown}
 c - a scroll of amnesia {unknown}
 g - a scroll of torment {unknown}
Potions
 a - a potion of magic
 f - a potion of resistance {unknown}
 h - a potion of ambrosia {unknown}


   Skills:
 + Level 1.7 Dodging
 + Level 1.7 Stealth
 * Level 2.5 Spellcasting
 + Level 1.0 Conjurations
 + Level 3.1 Fire Magic


You had 5 spell levels left.
You knew the following spells:

 Your Spells              Type           Power      Damage    Failure   Level
a - Foxfire               Conj/Fire      32%        2x1d5     9%          1

Your spell library contained the following spells:

 Spells                   Type           Power      Damage    Failure   Level
 Scorch                   Fire           22%        2d6       9%          2
 Conjure Flame            Conj/Fire      8%         6-21      26%         3
 Inner Flame              Hex/Fire       6%         N/A       32%         3
 Flame Wave               Conj/Fire      8%         2d5       65%         4


Dungeon Overview and Level Annotations

Branches:
Dungeon (2/15)

Altars:


Innate Abilities, Weirdness & Mutations

Your plain brown scales are hard. (AC +4)
You cannot fit into any form of body armour.
You are cold-blooded and may be slowed by cold attacks.


Message History

The hobgoblin closely misses you.
The hobgoblin hits you but does no damage.
The hobgoblin hits you. The hobgoblin barely misses you.
You are too injured to fight recklessly!
You are too injured to fight recklessly!
You are too injured to fight recklessly!
You are too injured to fight recklessly!
You are too injured to fight recklessly!
You are too injured to fight recklessly!
You are too injured to fight recklessly!
You are too injured to fight recklessly!
You are too injured to fight recklessly!
You are too injured to fight recklessly!
You are too injured to fight recklessly!
You are too injured to fight recklessly!
You are too injured to fight recklessly!
You are too injured to fight recklessly!
You are too injured to fight recklessly!
You are too injured to fight recklessly!
You are too injured to fight recklessly!
You are too injured to fight recklessly!
You are too injured to fight recklessly!
You are too injured to fight recklessly!
The hobgoblin attacks as you move away! The hobgoblin closely misses you.
The hobgoblin attacks as you move away! The hobgoblin hits you.
* * * LOW HITPOINT WARNING * * *
You barely miss the hobgoblin. You hit the hobgoblin.
You kill the hobgoblin!
The hobgoblin hits you but does no damage.
You have reached level 2!
Casting: Foxfire (safe; 9% risk of failure)
Confirm with . or Enter, or press ? or * to list all spells.
You conjure some foxfire!
The hobgoblin closely misses you.
You closely miss the hobgoblin.
The foxfire hits the hobgoblin.
The hobgoblin is moderately wounded.
The foxfire hits the hobgoblin.
The hobgoblin is almost dead.
The hobgoblin hits you.
You die...

######## .......#
######.#################.
######...................
.................#######.
######...........#
#.#######+#.#####
######.......#.#§#...###.#
................@...(...>#
#########.##....g#†.......
# #.#.....##.....#.#
###### #.#.#.#...........
#....####.....#.....##.#.#
#.........#.#######.# .# #
#.......#.#.# .# #
#.......#.# # .#
#..(....#.#


You could see a hobgoblin.

Vanquished Creatures
  2 bats
  An endoplasm (D:1)
  2 hobgoblins (D:1)
  A kobold (D:1)
  A ball python (D:1)
  A rat (D:1)
8 creatures vanquished.

Vanquished Creatures (others)
  26 foxfires
26 creatures vanquished.

Grand Total: 34 creatures vanquished

Notes
Turn   | Place    | Note
-------+----------+-------------------------------------------
     0 | D:1      | Icepheonix32 the Draconian Fire Elementalist began the
                  | quest for the Orb.
     0 | D:1      | Reached XP level 1. HP: 14/14 MP: 3/3
    62 | D:1      | You fall into a shaft and drop 1 floor!
   516 | D:1      | Reached XP level 2. HP: 2/20 MP: 1/5
   517 | D:1      | Slain by a hobgoblin

Illustrated notes

Levels and vault maps discovered:
D:1:      dpeg_arrival_castle, layout_basic, shapermc_ecumenical_altar_rom_forum
D:2:      layout_rooms, minmay_shallow_snake_nest, uniq_jessica

Action                   || total
-------------------------++-------
Melee: Falchion          ||    15
       Tailslap          ||     4
 Cast: Foxfire           ||    17
Armor: Skin              ||     7
Dodge: Dodged            ||    16
